 Dungeon Crawl Stone Soup version 0.15-a0-1537-ge1f089e (webtiles) character file.

317 Chiseanne the Magician (level 6, -4/28 HPs)
             Began as a Spriggan Ice Elementalist on June 16, 2014.
             Slain by Crazy Yiuf
             ... wielding a +2 quarterstaff of chaos
              (5 damage)
             ... on Level 4 of the Dungeon.
             The game lasted 00:12:59 (4319 turns).

Chiseanne the Magician (Spriggan Ice Elementalist)  Turns: 4319, Time: 00:12:59

HP  -4/28        AC  8     Str  9      XL: 6   Next: 20%
MP  15/21        EV 18     Int 19      God:
Gold 144         SH  0     Dex 16      Spells:  3 memorised, 10 levels left

rFire  + . .     SeeInvis +     B - +7 long sword of the People {flame, rF+}
rCold  . . .     Clarity  .     C - +0 robe
rNeg   . . .     rCorr    .     (shield restricted)
rPois  .         rRot     .     (helmet restricted)
rElec  .         Spirit   .     t - +0 cloak
SustAb +         Warding  .     (gloves unavailable)
rMut   .         Stasis   .     (boots unavailable)
Gourm  .                        (no amulet)
MR     +....                    z - cursed ring of flight
                                u - ring of sustain abilities

@: mighty, lethally poisoned, icy armour, very quick, somewhat resistant to
hostile enchantments, fairly stealthy
A: unfitting armour, see invisible, herbivore 3, speed 3, slow metabolism 2
a: Evoke Flight


You were on level 4 of the Dungeon.
You were full.

You visited 1 branch of the dungeon, and saw 4 of its levels.

You collected 144 gold pieces.

Inventory:

Hand weapons
 a - a +1 mace
 c - a +0 whip of draining
 s - a +2 dagger of draining
 B - the +7 long sword of the People (weapon) {flame, rF+}
   (You found it on level 4 of the Dungeon)

   It emits flame when wielded, causing extra injury to most foes and up to
   double damage against particularly susceptible opponents.
   Big, fiery blades are also staple armaments of hydra-hunters.
   It protects you from fire.
Missiles
 d - 50 sling bullets
 l - 39 bolts
 o - 32 poisoned needles
 q - 13 bolts of frost
Armour
 t - a +0 cloak (worn)
 C - a +0 robe (worn)
Comestibles
 i - 3 bread rations
 k - 2 slices of pizza
 n - a royal jelly
 A - 2 fruits
Scrolls
 g - a scroll of fear
 h - a scroll of immolation
 w - a scroll of teleportation
 x - 2 scrolls of remove curse
 y - a scroll of fog
Jewellery
 u - a ring of sustain abilities (left hand)
 z - a cursed ring of flight (right hand)
Potions
 e - a potion of curing
 f - 2 potions of haste {unknown}
 j - 2 potions of heal wounds
 m - a potion of lignification
 r - 2 potions of magic
 D - a potion of brilliance {unknown}
 E - a potion of restore abilities {unknown}
Books
 b - a book of Frost

   Spells                             Type                      Level
   *Freeze                            Ice                          1
   *Throw Frost                       Conjuration/Ice              2
   *Ozocubu's Armour                  Charms/Ice                   3
   Throw Icicle                       Conjuration/Ice              4
   Summon Ice Beast                   Ice/Summoning                4
   Condensation Shield                Ice                          4


   Skills:
 - Level 3.0 Dodging
 * Level 4.6 Stealth
 * Level 5.8 Spellcasting
 - Level 0.6 Conjurations
 * Level 4.1 Ice Magic


You had 10 spell levels left.
You knew the following spells:

 Your Spells              Type           Power        Failure   Level  Hunger
a - Freeze                Ice            ###.         1%          1    None
b - Throw Frost           Conj/Ice       ##....       10%         2    None
c - Ozocubu's Armour      Chrm/Ice       ##........   14%         3    ##.....


Dungeon Overview and Level Annotations

Branches:
Dungeon (4/15)
 Temple: D:4-7

Altars:
Elyvilon

Annotations:
D:4 Crazy Yiuf


Innate Abilities, Weirdness & Mutations

You are tiny and cannot use many weapons and most armour.
You have supernaturally acute eyesight.
You are a herbivore.
You cover ground extremely quickly.
You need consume almost no food.


Message History

Crazy Yiuf hits you with a quarterstaff of chaos!
You are poisoned.
You feel sick.
Crazy Yiuf says, "Lugonu!
Cake sanguine unthinkable."
Crazy Yiuf hits you with a quarterstaff of chaos.
* * * LOW HITPOINT WARNING * * *
* * * LOW HITPOINT WARNING * * *
You feel sick. Crazy Yiuf hits you but does no damage.
* * * LOW HITPOINT WARNING * * *
You feel sick.
Crazy Yiuf drinks a potion.
Crazy Yiuf is healed!
* * * LOW HITPOINT WARNING * * *
You feel sick.
Crazy Yiuf hits you with a quarterstaff of chaos.
* * * LOW HITPOINT WARNING * * *
You can move again.
You barely miss Crazy Yiuf.
* * * LOW HITPOINT WARNING * * *
You feel sick.
Crazy Yiuf hits you with a quarterstaff of chaos.
You die...

... #....# ..##....#
.........## #.#....(
#....... #.#...##
#### ♣♣####...##
#)..#♣♣ ♣♣........##
#..g@.♣♣♣♣......####
#...#♣).♣......## ##
#### ♣♣♣)♣....##
###. ♣♣♣♣♣### ##...
#..## #.## ##.#
###..# ######...##


You could see Crazy Yiuf.

Vanquished Creatures
  A water moccasin (D:3)
  2 iguanas (D:4)
  A worker ant (D:4)
  Jessica (D:2)
  5 adders
  A worm (D:3)
  2 oozes (D:1)
  5 orcs (D:3)
  A ball python (D:3)
  5 bats
  5 giant cockroaches
  7 goblins
  8 hobgoblins
  2 jackals (D:2)
  2 quokkas
  4 giant newts
  6 kobolds
  7 rats
  A rat skeleton (D:4)
66 creatures vanquished.

Vanquished Creatures (others)
  A rat (D:3)
1 creature vanquished.

Grand Total: 67 creatures vanquished

Notes
Turn   | Place    | Note
--------------------------------------------------------------
     0 | D:1      | Chiseanne, the Spriggan Ice Elementalist, began the quest for the Orb.
     0 | D:1      | Reached XP level 1. HP: 9/9 MP: 4/4
   721 | D:1      | Reached XP level 2. HP: 10/13 MP: 6/8
   799 | D:1      | Learned a level 2 spell: Throw Frost
  1493 | D:1      | Noticed a scorpion
  1558 | D:2      | Reached XP level 3. HP: 16/16 MP: 6/11
  1602 | D:2      | Learned a level 3 spell: Ozocubu's Armour
  1679 | D:2      | Noticed Jessica
  1721 | D:2      | Killed Jessica
  1721 | D:2      | Reached skill level 4 in Spellcasting
  1910 | D:2      | Reached XP level 4. HP: 19/21 MP: 11/15
  2714 | D:3      | Found a white marble altar of Elyvilon.
  2935 | D:3      | Reached skill level 5 in Spellcasting
  3336 | D:3      | Noticed a water moccasin
  3366 | D:3      | Killed a water moccasin
  3366 | D:3      | Reached XP level 5. HP: 9/24 MP: 6/19
  3657 | D:4      | Got a crystal long sword
  3658 | D:4      | Identified the +7 long sword of the People {flame, rF+} (You found it on level 4 of the Dungeon)
  3676 | D:4      | Reached XP level 6. HP: 5/28 MP: 19/21
  4305 | D:4      | Noticed Crazy Yiuf
  4312 | D:4      | Paralysed by Crazy Yiuf for 7 turns
  4319 | D:4      | HP: 1/28 [poisoned by Crazy Yiuf]
  4319 | D:4      | Slain by Crazy Yiuf

Action                   |  1- 3 |  4- 6 || total
-------------------------+-------+-------++-------
Melee: Unarmed           |    22 |       ||    22
       Mace              |    41 |    17 ||    58
       Dagger            |       |     8 ||     8
       Long sword        |       |    12 ||    12
 Cast: Freeze            |    31 |    53 ||    84
       Throw Frost       |       |     5 ||     5
       Ozocubu's Armour  |       |     6 ||     6
  Use: Scroll            |     9 |     5 ||    14
       Potion            |       |     3 ||     3
 Stab: Sleeping          |     4 |     7 ||    11
